 Dungeon Crawl Stone Soup version 0.31.0-12-g77e489cdc1 (webtiles) character file.

Game seed: 11914459530679078438

547 Gadfly the Shooter (level 7, -14/42 HPs)
             Began as a Kobold Hunter on Feb 15, 2024.
             Demolished by Crazy Yiuf
             ... wielding a +3 quarterstaff of chaos
              (19 damage)
             ... on level 4 of the Dungeon.
             The game lasted 00:05:05 (2613 turns).

Gadfly the Shooter (Kobold Hunter)                  Turns: 2613, Time: 00:05:05

Health: -14/42     AC:  3    Str: 12    XL:     7   Next: 53%
Magic:  10/10      EV: 22    Int: 10    God:
Gold:   168        SH:  5    Dex: 21    Spells: 6/6 levels left

rFire   . . .        a - +0 orcbow (heavy)
rCold   . . .        (shield currently unavailable)
rNeg    . . .        l - +0 robe of Enormous Lucidity {Harm rPois Str+4 Stlth+}
rPois   +            (no helmet)
rElec   .            (no cloak)
rCorr   .            j - +0 pair of gloves
SInv    .            (no boots)
Will    .....        h - amulet of reflection
Stlth   ++++         i - +5 ring of evasion
HPRegen 0.27/turn    (no ring)
MPRegen 0.12/turn

%: harm (+30% outgoing, +20% incoming), reflection
@: no status effects
A: small, no large weapons, nightstalker 3
a: no special abilities


You were on level 4 of the Dungeon.
You visited 1 branch of the dungeon, and saw 4 of its levels.

You collected 168 gold pieces.

Inventory:

Hand Weapons
 a - a +0 heavy orcbow (weapon)
 b - a +2 dagger of venom
 d - the +3 hand axe of the Bursting Gods {drain, ^Contam rPois rN+ Int+8}
   (You found it on level 2 of the Dungeon)

   Int+8:     It affects your intelligence (+8).
   rPois:     It protects you from poison rN+: It protects you from negative
   energy.
   ^Contam:   It causes magical contamination when unequipped.
 n - a +0 shortbow
Armour
 j - a +0 pair of gloves (worn)
 l - the +0 robe of Enormous Lucidity (worn) {Harm rPois Str+4 Stlth+}
   (You found it on level 3 of the Dungeon)

   Str+4:     It affects your strength (+4).
   rPois:     It protects you from poison Harm: It increases damage dealt and
   taken.
   Stlth+:    It makes you more stealthy.
 o - a +0 leather armour of fire resistance
Jewellery
 h - an amulet of reflection (around neck)
 i - a +5 ring of evasion (left hand)
 m - a ring of fire
Scrolls
 k - a scroll of poison
 q - 2 scrolls of butterflies
Potions
 c - a potion of ambrosia {unknown}
 e - 2 potions of attraction
 f - a potion of curing
 g - 2 potions of lignification
 p - a potion of cancellation


   Skills:
 + Level 3.7 Fighting
 + Level 6.4 Ranged Weapons
 + Level 4.1 Dodging
 - Level 1.3 Stealth
 * Level 4.1 Invocations
 * Level 4.5 Evocations


You had 6 spell levels left.
You didn't know any spells.
Your spell library contained the following spells:

 Spells                   Type           Power      Damage    Failure   Level
 Cigotuvi's Dreadful Rot  Necr/Alch/Air  0%         N/A       50%         2
 Stone Arrow              Conj/Erth      0%         3d7       75%         3
 Animate Armour           Summ/Erth      0%         N/A       98%         4
 Dispel Undead            Necr           0%         3d6       98%         4
 Ignite Poison            Fire/Alch      0%         N/A       98%         4
 Martyr's Knell           Necr/Summ      0%         N/A       98%         4
 Freezing Cloud           Conj/Ice/Air   0%         6-21      100%        5
 Death Channel            Necr           0%         N/A       100%        6
 Lehudib's Crystal Spear  Conj/Erth      0%         10d2      100%        8


Dungeon Overview and Level Annotations

Branches:
Dungeon (4/15)
 Temple: D:4-7

Altars:

Annotations:
D:4 Crazy Yiuf


Innate Abilities, Weirdness & Mutations

You are small and have problems with some larger weapons.
You are completely attuned to the shadows.


Message History

e - 2 potions of attraction (gained 1)
Found a stone staircase leading down.
c - a lumpy brown potion
Found a hammer.
You shoot an arrow. The arrow hits the fungus.
The fungus begins to die.
The fungus is lightly damaged.
You start waiting.
A nearby fungus withers and dies.
Found a hammer.
Found a runed translucent door.
You see here a +0 hammer.
Found a hammer.
You see here a +0 hammer.
Found a hammer.
Found two hammers.
You open the door. You shoot an arrow. The arrow hits Crazy Yiuf.
Crazy Yiuf is lightly wounded.
You shoot an arrow. The arrow hits Crazy Yiuf!
Crazy Yiuf is heavily wounded.
Crazy Yiuf yells, "Rot high broken!"
Crazy Yiuf completely misses you.
Crazy Yiuf whimpers, "Action snockshim hand!"
Crazy Yiuf hits you with a +3 quarterstaff of chaos!
Crazy Yiuf freezes you.
You shoot an arrow. The arrow hits Crazy Yiuf.
Crazy Yiuf is severely wounded.
Crazy Yiuf hits you with a +3 quarterstaff of chaos!
* * * LOW HITPOINT WARNING * * *
You shoot an arrow. The arrow hits Crazy Yiuf.
Crazy Yiuf is almost dead.
Crazy Yiuf closely misses you.
Crazy Yiuf hits you with a +3 quarterstaff of chaos.
* * * LOW HITPOINT WARNING * * *
Crazy Yiuf freezes you.
* * * LOW HITPOINT WARNING * * *
You shoot an arrow. The arrow closely misses Crazy Yiuf.
Crazy Yiuf completely misses you.
Crazy Yiuf glowers.
Crazy Yiuf hits you with a +3 quarterstaff of chaos!
You die...

#).)#
#.).#
)). #g#
♣@♣♣
♣♣.♣
♣)♣♣
♣♣)♣
♣♣.♣♣
♣♣PP.♣
♣.PP.♣
##..##
#....###


You could see Crazy Yiuf.

Vanquished Creatures
  Duvessa (D:4)
  A black bear (D:4)
  A phantom (D:4)
  Dowan (D:4)
  A hound (D:4)
  An orc priest (D:3)
  5 adders
  4 gnolls (D:4)
  A dart slug (D:1)
  3 orcs (D:3)
  7 ball pythons
  7 bats
  5 endoplasms
  5 giant cockroaches
  7 goblins
  7 hobgoblins
  7 jackals
  3 quokkas
  2 frilled lizards (D:1)
  A kobold (D:2)
  8 rats
78 creatures vanquished.

Notes
Turn   | Place    | Note
-------+----------+-------------------------------------------
     0 | D:1      | Gadfly the Kobold Hunter began the quest for the Orb.
     0 | D:1      | Reached XP level 1. HP: 12/12 MP: 1/1
    98 | D:1      | Reached XP level 2. HP: 18/18 MP: 2/2
   177 | D:1      | Reached skill level 1 in Evocations
   196 | D:1      | Reached skill level 1 in Invocations
   249 | D:1      | Reached XP level 3. HP: 22/22 MP: 3/3
   796 | D:2      | Identified the +3 hand axe of the Bursting Gods {drain,
                  | ^Contam rPois rN+ Int+8}
   853 | D:2      | Reached XP level 4. HP: 19/27 MP: 5/5
  1501 | D:3      | Reached XP level 5. HP: 32/32 MP: 6/6
  1676 | D:3      | Identified the +0 robe of Enormous Lucidity {Harm rPois
                  | Str+4 Stlth+}
  2268 | D:4      | Noticed Dowan
  2270 | D:4      | Noticed Duvessa
  2280 | D:4      | Killed Duvessa
  2281 | D:4      | Reached skill level 6 in Ranged Weapons
  2281 | D:4      | Reached XP level 6. HP: 34/37 MP: 8/8
  2285 | D:4      | Killed Dowan
  2329 | D:4      | Noticed a black bear
  2336 | D:4      | Killed a black bear
  2337 | D:4      | Reached XP level 7. HP: 22/41 MP: 9/9
  2604 | D:4      | Found a runed translucent door.
  2607 | D:4      | Noticed Crazy Yiuf
  2613 | D:4      | Demolished by Crazy Yiuf

Illustrated notes

Levels and vault maps discovered:
D:1:      eino_arrival_tree_alley, layout_rooms
D:2:      layout_rooms
D:3:      layout_loops_cross
D:4:      layout_rooms, uniq_menkaure, uniq_duvessa, uniq_crazy_yiuf_cottage

Skill      XL: |  1  2  3  4  5  6  7 |
---------------+----------------------+-----
Evocations     | 1 2 3 4 |  4.5
Invocations    | 1 2 3 4 |  4.1
Dodging        | 3 4 |  4.1
Fighting       | 3 |  3.7
Ranged Weapons | 6 |  6.4
Stealth        | |  1.3

Action                     |  1- 3 |  4- 6 |  7- 9 || total
---------------------------+-------+-------+-------++-------
   Fire: Shortbow          |    89 |   133 |    23 ||   245
         Orcbow            |       |       |     6 ||     6
    Use: Scroll            |     3 |     6 |     1 ||    10
         Potion            |       |     2 |       ||     2
 Armour: Leather armour    |    23 |     9 |       ||    32
         Robe              |       |    23 |     8 ||    31
  Dodge: Dodged            |    57 |    82 |    19 ||   158
  Block: Other             |     1 |    19 |     2 ||    22
         Reflection        |       |     1 |       ||     1
